 Dungeon Crawl Stone Soup version 0.30-a0-1161-g0704695555 (webtiles) character file.

Game seed: 3867863445005798799

114 kae the Changer (level 4, 0/32 HPs)
             Began as a Merfolk Transmuter on Apr 27, 2023.
             Slain by a gnoll
             ... wielding a +0 spear of venom
              (6 damage)
             ... on level 4 of the Dungeon.
             The game lasted 00:03:19 (2353 turns).

kae the Changer (Merfolk Transmuter)                Turns: 2353, Time: 00:03:19

Health: 0/32       AC:  2    Str: 10    XL:     4   Next: 97%
Magic:  2/7        EV: 20    Int: 14    God:
Gold:   191        SH:  0    Dex: 19    Spells: 2/8 levels left

rFire   . .          .
                       - Unarmed
rCold   . . .        (shield currently unavailable)
rNeg    . . .        a - melded +0 robe
rPois   x            h - melded +1 helmet
rElec   .            (cloak currently unavailable)
rCorr   .            (gloves currently unavailable)
SInv    .            (boots currently unavailable)
Will    +....        (no amulet)
Stlth   ++           d - ring of willpower
HPRegen 0.25/turn    (no ring)
MPRegen 0.10/turn

%: no passive effects
@: lethally poisoned (0 -> -36), spider-form (expiring), wereblooded
A: venomous fangs, tiny, (nimble swimmer 2), (mertail)
a: End Transformation


You were on level 4 of the Dungeon.
You were a venomous arachnid creature.
You visited 1 branch of the dungeon, and saw 4 of its levels.

You collected 191 gold pieces.


Innate Abilities, Weirdness & Mutations

You are a venomous arachnid creature.
You have venomous fangs.
You are tiny and dextrous.
Your spellcasting is less reliable in this form.
Your armour is entirely melded.
You are incapable of wielding weapons or throwing items.
((You are very nimble when in or above water. (Stealth+, EV+, Speed+++)))
((Your lower body shifts to a powerful aquatic tail in water.))


   Skills:
 - Level 1.1 Fighting
 - Level 2.6 Dodging
 + Level 3.9 Unarmed Combat
 + Level 2.5 Spellcasting
 * Level 4.3 Transmutations
 - Level 2.5 Poison Magic


You had 2 spell levels left.
You knew the following spells:

 Your Spells              Type           Power      Damage    Failure   Level
a - Beastly Appendage     Tmut           28%        N/A       12%         1
b - Wereblood             Tmut           14%        N/A       16%         2
c - Spider Form           Tmut/Pois      11%        N/A       36%         3

Your spell library contained the following spells:

 Spells                   Type           Power      Damage    Failure   Level
 Apportation              Tloc           2%         N/A       43%         1
 Ice Form                 Ice/Tmut       7%         N/A       85%         4
 Alistair's Intoxication  Tmut/Pois      7%         N/A       94%         5

Inventory:

Missiles
 c - 38 stones
 e - 17 poisoned darts
 f - 3 datura-tipped darts
Armour
 a - a +0 robe (melded)
 h - a +1 helmet (melded)
   (You found it on level 2 of the Dungeon)
Jewellery
 d - a ring of willpower (left front pincers)
   (You found it on level 1 of the Dungeon)
 j - the ring "Keobrora" {rF- MP+9 Str+4}
   (You found it on level 2 of the Dungeon)

   [ring of magical power]

   Str:       It affects your strength (+4).
   rF:        It makes you vulnerable to fire.
   MP:        It affects your magic capacity (+9).
Scrolls
 l - a scroll of immolation {!r!r}
 m - 2 scrolls of teleportation {@r4}
 n - a scroll of poison {!r}
 o - a scroll of amnesia {unknown}
Potions
 b - a potion of lignification {!q}
 g - a potion of heal wounds {@q2}
 i - 2 potions of mutation {!q}
 k - a potion of haste {unknown}

Dungeon Overview and Level Annotations

Branches:
Dungeon (4/15) Zot: 21658
 Temple: D:4-7

Altars:
Trog

##..##..#######
#####..##...#
#........# #........+
##..###### #
#..##.####.##
#...........#
#...........+
#..##s####.#####
#####g####+###.#######
#)g...............#
#.................+
##...)...##†####..#
#..g##g.##...# ##
###'##..##...#
.............#
...........g.#


You could see 3 gnolls.


Message History

You closely miss the giant cockroach.
You headbutt the giant cockroach, but do no damage.
Your transformation is almost over.
The giant cockroach bites you but does no damage.
You hit the giant cockroach but do no damage.
The giant cockroach bites you. 😕 HP[-1]
You take 1 damage, and now have 31/32 hp.
A giant cockroach is nearby!
You closely miss the giant cockroach.
The giant cockroach bites you but does no damage.
The giant cockroach barely misses you.
You closely miss the giant cockroach. The giant cockroach closely misses you.
A giant cockroach is nearby!
You hit the giant cockroach. The giant cockroach closely misses you.
You closely miss the giant cockroach.
The giant cockroach closely misses you. 😎 HP[+1] MP[+1]
Your hp is fully restored (32).
Your mp is fully restored (7).
A giant cockroach is nearby!
You hit the giant cockroach.
You kill the giant cockroach!
No target in view!
There is an open door here.
You see here a giant cockroach corpse.
Your horns disappear.
Your +1 helmet unmelds from your body.
c - 38 stones (gained 5)
You open the door.
A gnoll comes into view. It is wielding a +0 flail.
Found a hand axe.
Found a stone staircase leading down.
There is an open door here.
Unknown command.
A gnoll is nearby!
A gnoll is nearby!
Casting: Beastly Appendage (safe; 4% risk of failure)
Confirm with . or Enter, or press ? or * to list all spells.
You grow a pair of large bovine horns.
Your +1 helmet melds into your body. 😎 MP[-1]
You lost 1 mp, and now have 6/7 mp.
You hit the gnoll. The gnoll closely misses you.
You punch the gnoll! The gnoll closely misses you.
You barely miss the gnoll. The gnoll closely misses you.
You hit the gnoll but do no damage.
The gnoll hits you with a +0 flail. 😕 HP[-6]
You take 6 damage, and now have 26/32 hp.
You hit the gnoll.
You kill the gnoll!
No target in view!
Unknown command.
Your transformation is almost over. 2 gnolls come into view.
A gnoll is wielding a +0 spear of venom.
The gnoll shouts! x2 😕 HP[+1] MP[+1]
Your mp is fully restored (7).
There are monsters nearby!
Unknown command.
There are monsters nearby!
A gnoll comes into view. It is wielding a +0 spear.
Unknown command. 😕 HP[+1]
There is an open door here. 😕 HP[+1]
Your horns disappear.
Your +1 helmet unmelds from your body. 😕 HP[+1] 😕 HP[+1]
Casting: Beastly Appendage (safe; 3% risk of failure)
Confirm with . or Enter, or press ? or * to list all spells.
The spell is quite dangerous to miscast (17% risk of failure)!
Continue anyway? [Y]es or [N]o only, please.
The spell is quite dangerous to miscast (17% risk of failure)!
Continue anyway?
You turn into a venomous arachnid creature.
Your +1 helmet melds into your body.
Your +0 robe melds into your body. 😎 HP[+1] MP[-3]
Your hp is fully restored (32).
You lost 3 mp, and now have 4/7 mp.
Casting: Spider Form (quite dangerous; 36% risk of failure)
Confirm with . or Enter, or press ? or * to list all spells.
Your blood is infused with primal strength.
Your transformation is almost over. 😎 MP[-2]
You lost 2 mp, and now have 2/7 mp.
The gnoll hits you with a +0 spear of venom.
You are lethally poisoned! 😕 HP[-6]
You take 6 damage, and now have 26/32 hp.
The gnoll shouts!
You hit the gnoll but do no damage.
The gnoll is poisoned.
You feel extremely sick.
The gnoll hits you with a +0 spear of venom.
* * * LOW HITPOINT WARNING * * *
You are more poisoned. 😨 HP[-12]
You take 12 damage, and now have 14/32 hp.
MASSIVE DAMAGE!! (PAUSE)
You hit the gnoll.
The gnoll looks as sick as possible!
* * * LOW HITPOINT WARNING * * *
You feel extremely sick.
The gnoll hits you with a +0 spear of venom.
You die...

Skill      XL: |  1  2  3  4 |
---------------+-------------+-----
Transmutations | 3 4 |  4.3
Poison Magic   | 1 2 |  2.5
Fighting       | |  1.1
Dodging        | |  2.6
Unarmed Combat | |  3.9
Spellcasting   | |  2.5

Action                     |  1- 3 |  4- 6 || total
---------------------------+-------+-------++-------
  Melee: Unarmed           |   124 |    74 ||   198
         Headbutt          |    12 |     3 ||    15
         Punch             |     1 |       ||     1
   Cast: Beastly Appendage |    24 |    13 ||    37
         Wereblood         |     1 |     1 ||     2
         Spider Form       |     1 |     5 ||     6
    Use: Scroll            |     4 |     6 ||    10
   Stab: Sleeping          |     1 |       ||     1
 Armour: Robe              |    17 |    10 ||    27
         Skin              |     2 |     2 ||     4
  Dodge: Dodged            |    76 |    50 ||   126

Levels and vault maps discovered:
D:1:      dpeg_arrival_rhombus, layout_loops_ring, nrook_mini_vaults
D:2:      layout_rooms, nicolae_elevator_lobby_plus
D:3:      layout_rooms, trog_three_pillars_becter
D:4:      layout_gridville, nrook_campfire

Notes
Turn   | Place    | Note
-------+----------+-------------------------------------------
     0 | D:1      | kae the Merfolk Transmuter began the quest for the Orb.
     0 | D:1      | Reached XP level 1. HP: 15/15 MP: 3/3
     0 | D:1      | magus.rc [v1.11.3]
   136 | D:1      | Reached skill level 3 in Transmutations
   160 | D:1      | Reached XP level 2. HP: 9/21 MP: 3/5
   236 | D:1      | Reached skill level 1 in Poison Magic
   249 | D:1      | Learned a level 2 spell: Wereblood
   908 | D:2      | HP: 1/21 [worm (7)]
  1008 | D:2      | Reached XP level 3. HP: 22/26 MP: 3/6
  1012 | D:2      | Learned a level 3 spell: Spider Form
  1309 | D:2      | Identified the ring "Keobrora" {rF- MP+9 Str+4}
  1365 | D:2      | Reached skill level 2 in Poison Magic
  1605 | D:3      | Reached XP level 4. HP: 30/32 MP: 5/7
  1699 | D:3      | You pick up a book of Party Tricks and begin reading...
  1699 | D:3      | You add the spells Apportation and Alistair's Intoxication
                  | to your library.
  1982 | D:3      | Reached skill level 4 in Transmutations
  2028 | D:3      | Found a bloodstained altar of Trog.
  2353 | D:4      | HP: 6/32 [poisoned by a gnoll]
  2353 | D:4      | Slain by a gnoll

Vanquished Creatures
  A gnoll (D:4)
  4 adders
  3 worms (D:2)
  2 dart slugs
  6 endoplasms
  3 giant cockroaches
  6 hobgoblins
  6 kobolds
  2 quokkas
  6 ball pythons
  4 bats
  7 frilled lizards
  2 goblins
  6 rats
58 creatures vanquished.

Table legend:
 A = Non-vault XP
 B = Vault XP
 C = Vault XP percentage of total XP
 D = Non-vault monster count
 E = Vault monster count
 F = Vault count percentage of total count
                 A         B        C        D         E       F
            +---------+---------+-------+---------+---------+-------
      Total |     163 |       0 |   0.0 |      58 |       0 |   0.0
            +---------+---------+-------+---------+---------+-------
        D:1 |      21 |       0 |   0.0 |      15 |       0 |   0.0
        D:2 |      44 |       0 |   0.0 |      21 |       0 |   0.0
        D:3 |      67 |       0 |   0.0 |      18 |       0 |   0.0
        D:4 |      31 |       0 |   0.0 |       4 |       0 |   0.0
            +---------+---------+-------+---------+---------+-------

Skill      XL: |  1  2  3  4 |
---------------+-------------+-----
Transmutations | 3 4 |  4.3
Poison Magic   | 1 2 |  2.5
Fighting       | |  1.1
Dodging        | |  2.6
Unarmed Combat | |  3.9
Spellcasting   | |  2.5

Action                     |  1- 3 |  4- 6 || total
---------------------------+-------+-------++-------
  Melee: Unarmed           |   124 |    74 ||   198
         Headbutt          |    12 |     3 ||    15
         Punch             |     1 |       ||     1
   Cast: Beastly Appendage |    24 |    13 ||    37
         Wereblood         |     1 |     1 ||     2
         Spider Form       |     1 |     5 ||     6
    Use: Scroll            |     4 |     6 ||    10
   Stab: Sleeping          |     1 |       ||     1
 Armour: Robe              |    17 |    10 ||    27
         Skin              |     2 |     2 ||     4
  Dodge: Dodged            |    76 |    50 ||   126

Illustrated notes

Table legend:
 A = Kills in this place as a percentage of kills in the entire game.
 B = Kills by you in this place as a percentage of kills by you in the entire game.
 C = Kills by friends in this place as a percentage of kills by friends in the entire game.
 D = Other kills in this place as a percentage of other kills in the entire game.
 E = Experience gained in this place as a percentage of experience gained in the entire game.
 F = Experience gained in this place divided by the number of levels of this place that you have seen.
                   A       B       C       D       E      F
               +-------+-------+-------+-------+-------+----------------------
         Total | 100.0 | 100.0 |   N/A |   N/A | 100.0 |  40.8
       Dungeon | 100.0 | 100.0 |   N/A |   N/A | 100.0 |  40.8
               +-------+-------+-------+-------+-------+----------------------

Table legend: (Time is in decaauts)
 A = Elapsed time spent in this place.
 B = Non-inter-level travel time spent in this place.
 C = Inter-level travel time spent in this place.
 D = Time resting spent in this place.
 E = Time spent auto-exploring this place.
 F = Levels seen in this place.
 G = Mean time per level.
                   A        B        C        D        E       F      G
               +--------+--------+--------+--------+--------+-----+--------+
         Total |   2340 |   2288 |     52 |     21 |   1695 |   4 |  585.0 |
       Dungeon |   2340 |   2288 |     52 |     21 |   1695 |   4 |  585.0 |
               +--------+--------+--------+--------+--------+-----+--------+

Top non-repeatable levels by time:
     D:1: 849 daAuts
     D:2: 679 daAuts
     D:3: 660 daAuts
     D:4: 151 daAuts
